 Dungeon Crawl Stone Soup version 0.28-a0-381-g937acc2988 (webtiles) character file.

Game seed: 15610960628757106195

5978 speeev33 the Grappler (level 10, -4/104 HPs)
             Began as a Troll Berserker on Sept 2, 2021.
             Was a High Priest of Trog.
             Slain by a seven-headed hydra (7 damage)
             ... on level 9 of the Dungeon.
             The game lasted 00:13:17 (6797 turns).

speeev33 the Grappler (Troll Berserker)             Turns: 6797, Time: 00:13:17

Health: -4/104     AC:  5    Str: 36    XL:     10   Next: 55%
Magic:  9/9        EV: 12    Int:  3    God:    Trog [*****.]
Gold:   583        SH:  0    Dex:  9    Spells: 9/9 levels left

rFire   . . .      SeeInvis .     - Unarmed
rCold   . . .      Faith    .   (no shield)
rNeg    . . .      Spirit   .   a - +1 animal skin
rPois   .          Reflect  .   (helmet restricted)
rElec   .          Harm     .   (no cloak)
rCorr   .          Rampage  .   (gloves unavailable)
Will    .....                   (boots unavailable)
Stlth   +.........              j - amulet of regeneration
HPRegen 2.27/turn               g - +4 ring of slaying
MPRegen 0.11/turn               n - +6 ring of strength

@: no status effects
A: large, unfitting armour, claws 3, regeneration 1, shaggy fur 1, tough skin 1
a: Renounce Religion, Berserk, Trog's Hand, Brothers in Arms


You were on level 9 of the Dungeon.
You worshipped Trog.
Trog was extremely pleased with you.
You visited 1 branch of the dungeon, and saw 9 of its levels.
You also visited: Sewer.

You collected 583 gold pieces.

Inventory:

Missiles
 l - a throwing net (quivered)
 s - 40 poisoned darts
Armour
 a - a +1 animal skin (worn)
Jewellery
 e - a ring of resist corrosion
 g - a +4 ring of slaying (left claw)
 j - an amulet of regeneration (around neck)
 n - a +6 ring of strength (right claw)
 t - a ring of protection from cold
 z - a +6 ring of dexterity
Wands
 p - a wand of iceblast (1)
 q - a wand of acid (8)
Scrolls
 u - 2 scrolls of magic mapping
 x - a scroll of noise {unknown}
 y - a scroll of fear
 B - a scroll of brand weapon {unknown}
Potions
 b - 3 potions of mutation
 c - 2 potions of haste
 d - 6 potions of attraction
 f - 3 potions of berserk rage
 h - 5 potions of curing
 i - 3 potions of brilliance
 k - 2 potions of might {unknown}
 m - 3 potions of lignification {unknown}
 o - a potion of experience {unknown}
 r - 2 potions of resistance
 v - a potion of invisibility {unknown}
 w - a potion of ambrosia {unknown}
 A - a potion of heal wounds {unknown}


   Skills:
 + Level 8.2 Fighting
 + Level 8.2 Dodging
 + Level 9.8 Unarmed Combat


You had 9 spell levels left.
You didn't know any spells.
Your spell library was empty.

Dungeon Overview and Level Annotations

Branches:
Dungeon (9/15)             Temple (0/1) D:7           Sewer (visited)
   Lair: D:8-11         Orc: D:9-12

Altars:
Dithmenos
Fedhas
Gozag
Hepliaklqana
Makhleb
Trog
Vehumet
Wu Jian
Zin

Shops:
D:8 =


Innate Abilities, Weirdness & Mutations

You are too large for most types of armour.
You have claws for hands.
Your natural rate of healing is unusually fast.
You are covered in fur. (AC +1)
You have tough skin. (AC +1)


Message History

You now have 583 gold pieces (gained 8).
There is a stone staircase leading down here.
Things that are here:
a +0 whip; a +0 scale mail You open the door.
Found a hazy altar of Hepliaklqana.
There is an open door here.
Done exploring.
Done exploring.
There is a hazy altar of Hepliaklqana here.
There is a hazy altar of Hepliaklqana here.
There is an open door here.
There is a stone staircase leading down here.
Things that are here:
a +0 whip; a +0 scale mail You climb downwards.
The seven-headed hydra barely misses you.
The seven-headed hydra bites you but does no damage.
The seven-headed hydra bites you. The seven-headed hydra misses you.
The seven-headed hydra bites you! x2
The seven-headed hydra barely misses you.
The orc hits you with a +0 club. The seven-headed hydra bites you!
The seven-headed hydra barely misses you. x2
The seven-headed hydra bites you!
The seven-headed hydra bites you but does no damage.
The seven-headed hydra bites you! x2
* * * LOW HITPOINT WARNING * * *
There is a stone staircase leading up, spattered with blood here.
The orc hits you with a +0 club.
* * * LOW HITPOINT WARNING * * *
The seven-headed hydra bites you!
* * * LOW HITPOINT WARNING * * *
The seven-headed hydra bites you.
* * * LOW HITPOINT WARNING * * *
The seven-headed hydra bites you!
* * * LOW HITPOINT WARNING * * *
The seven-headed hydra bites you.
* * * LOW HITPOINT WARNING * * *
The seven-headed hydra bites you!
You die...

##########
###...hg....
##########
#...D.{og...
..!......#
#.#.########
...>.....####.#.#
.........+..#h#.#
...$...D.##.#.#.#
#....@..#.#h#.#
#....o#...#D#.#
######...o#.#g####
## +....'o.g.....
.. #....###o#####
# #....# .o. #
#....# ... #
#....# ...# ##
#....# .## ..


You could see a seven-headed hydra, an orc wizard and 2 orcs.

Vanquished Creatures
  Joseph (D:8)
  A centaur zombie (D:7)
  A gargoyle (D:8)
  A hornet (D:7)
  A shadow (D:8)
  2 steam dragons
  2 water moccasins
  2 ice beasts
  5 sky beasts
  An orc warrior (D:8)
  A hornet zombie (D:6)
  A black bear (D:7)
  5 ogres
  4 centaurs
  4 phantoms
  The ghost of Manisian the Insei, an amateur OpTm (D:3)
  4 kobold brigands
  4 bullfrogs
  2 gnoll sergeants (D:8)
  2 water moccasin zombies (D:6)
  3 scorpions
  4 killer bees (D:7)
  A howler monkey (D:9)
  A bullfrog zombie (D:7)
  6 hounds
  4 orc priests
  A jelly (D:7)
  2 iguanas
  5 orc wizards
  A hound skeleton (D:4)
  8 gnolls (D:8)
  19 adders
  2 river rats (D:6)
  2 shadow imps
  5 white imps
  3 worms
  3 dart slugs
  27 orcs
  2 bats
  20 endoplasms
  9 giant cockroaches
  17 goblins
  5 hobgoblins
  21 kobolds
  18 quokkas
  18 ball pythons
  15 frilled lizards
  A jackal skeleton (D:4)
  4 rats
272 creatures vanquished.

Vanquished Creatures (others)
  2 fungi (D:3)
  2 plants
4 creatures vanquished.

Grand Total: 276 creatures vanquished

Notes
Turn   | Place    | Note
-------+----------+-------------------------------------------
     0 | D:1      | speeev33 the Troll Berserker began the quest for the Orb.
     0 | D:1      | Reached XP level 1. HP: 22/22 MP: 0/0
   141 | D:1      | Reached XP level 2. HP: 23/29 MP: 1/1
   240 | D:1      | Found a faded altar of an unknown god.
   522 | D:1      | Reached XP level 3. HP: 33/36 MP: 2/2
   582 | D:1      | Reached ** piety under Trog
   852 | D:2      | Reached XP level 4. HP: 44/45 MP: 3/3
  1400 | D:3      | Reached skill level 4 in Unarmed Combat
  1429 | D:3      | Found a runed translucent gate.
  1429 | D:3      | Found a runed translucent gate.
  1429 | D:3      | Found a runed translucent gate.
  1666 | D:3      | Reached XP level 5. HP: 53/53 MP: 4/4
  1800 | D:3      | Noticed an ice beast
  1807 | D:3      | Killed an ice beast
  1866 | D:3      | Noticed Manisian's ghost (amateur OpTm)
  1901 | D:3      | Found a glowing silver altar of Zin.
  2094 | D:3      | Killed Manisian's ghost
  2095 | D:3      | Reached XP level 6. HP: 62/62 MP: 5/5
  2110 | D:3      | Reached *** piety under Trog
  2294 | D:4      | Found an ornate altar of the Wu Jian Council.
  2404 | D:4      | Reached skill level 5 in Unarmed Combat
  2441 | D:4      | Reached XP level 7. HP: 67/71 MP: 6/6
  2493 | D:4      | Found an opulent altar of Gozag.
  2660 | D:5      | Entered Level 5 of the Dungeon
  3451 | D:5      | Found a radiant altar of Vehumet.
  3790 | D:6      | Reached skill level 5 in Dodging
  3801 | D:6      | Reached skill level 5 in Fighting
  3801 | D:6      | Reached skill level 6 in Unarmed Combat
  3801 | D:6      | Reached XP level 8. HP: 55/80 MP: 7/7
  3920 | D:6      | Reached **** piety under Trog
  4028 | D:6      | Found a glowing drain.
  4036 | Sewer    | Entered a sewer
  4142 | Sewer    | Reached ***** piety under Trog
  4332 | Sewer    | Received a gift from Trog
  4607 | D:6      | Reached skill level 7 in Unarmed Combat
  4941 | D:6      | Reached XP level 9. HP: 52/89 MP: 8/8
  5096 | D:6      | Reached skill level 8 in Unarmed Combat
  5381 | D:7      | Found a staircase to the Ecumenical Temple.
  5644 | D:7      | Found a bloodstained altar of Trog.
  5671 | D:7      | Reached XP level 10. HP: 100/102 MP: 9/9
  5672 | D:7      | Reached skill level 9 in Unarmed Combat
  6038 | D:8      | Found a blossoming altar of Fedhas.
  6074 | D:8      | Found Fupaq's Jewellery Shoppe.
  6074 | D:8      | Noticed a gargoyle
  6080 | D:8      | Killed a gargoyle
  6127 | D:8      | You fall into a shaft and drop 1 floor!
  6127 | D:9      | Noticed a seven-headed hydra
  6274 | D:8      | Found a burning altar of Makhleb.
  6365 | D:8      | Found a shadowy altar of Dithmenos.
  6457 | D:8      | Noticed Joseph
  6497 | D:8      | Killed Joseph
  6771 | D:8      | Found a hazy altar of Hepliaklqana.
  6797 | D:9      | HP: 4/104 [seven-headed hydra (12)]
  6797 | D:9      | Slain by a seven-headed hydra

Illustrated notes

Levels and vault maps discovered:
D:1:      dpeg_cavernosity, layout_loops_ring,
          shapermc_ecumenical_altar_rom_forum
D:2:      layout_basic, minmay_misc_feat_nine_boxes
D:3:      layout_loops_ring, zin_statuary, gammafunk_ghost_nasty_kobolds
D:4:      layout_cave_pools, nzn_wu_jian_contemplation, grunt_gozag_statues
D:5:      layout_basic, kennysheep_mini
D:6:      layout_basic, lightli_sewer_entry_pipes, st_stairs_8,
          minmay_joined_circles
D:7:      layout_rooms, trog_three_pillars_becter,
          minmay_temple_entry_offerings, nrook_mini_backslash,
          wad_rectangle_vault
D:8:      layout_loops_ring, nicolae_dithmenos_through_a_glass_darkly,
          mainiacjoe_overflow_24_doors, worldfamousw_hep_ancestral_shrine,
          overflow_temple_1_default, serial_shops, shop, uniq_joseph
D:9:      layout_basic, mainiacjoe_overflow_chevrons, lair_entry_dummy

Skill      XL: |  1  2  3  4  5  6  7  8  9 10 |
---------------+-------------------------------+-----
Fighting       | 3 4 5 6 7 8 |  8.2
Dodging        | 3 4 5 6 7 8 |  8.2
Unarmed Combat | 4 5 6 7 8 9 |  9.8

Action                   |  1- 3 |  4- 6 |  7- 9 | 10-12 || total
-------------------------+-------+-------+-------+-------++-------
Melee: Unarmed           |    74 |    91 |   324 |   102 ||   591
       Punch             |       |     4 |    14 |     3 ||    21
Invok: Berserk           |       |     2 |       |     2 ||     4
  Use: Scroll            |       |     4 |    11 |       ||    15
 Stab: Sleeping          |     2 |     2 |       |       ||     4
Armor: Animal skin       |    15 |    18 |    88 |    25 ||   146
Dodge: Dodged            |    35 |    33 |   185 |    52 ||   305

Table legend: (Time is in decaauts)
 A = Elapsed time spent in this place.
 B = Non-inter-level travel time spent in this place.
 C = Inter-level travel time spent in this place.
 D = Time resting spent in this place.
 E = Time spent auto-exploring this place.
 F = Levels seen in this place.
 G = Mean time per level.
                   A        B        C        D        E       F      G
               +--------+--------+--------+--------+--------+-----+--------+
         Total |   6909 |   6732 |    177 |    790 |   4036 |  10 |  690.9 |
       Dungeon |   6332 |   6155 |    177 |    690 |   3871 |   9 |  703.6 |
         Sewer |    576 |    576 |      0 |    100 |    165 |   1 |  576.0 |
               +--------+--------+--------+--------+--------+-----+--------+

Top non-repeatable levels by time:
     D:6: 1154 daAuts
     D:5: 1039 daAuts
     D:3: 854 daAuts
     D:8: 779 daAuts
     D:1: 745 daAuts
     D:7: 635 daAuts
     D:2: 586 daAuts
   Sewer: 576 daAuts
     D:4: 486 daAuts
     D:9: 51 daAuts
